 Dungeon Crawl Stone Soup version 0.22-a0-283-g1871b15 (webtiles) character file.

12154 4thArraOfDagon the Carver (level 12, -23/92 HPs)
             Began as a Formicid Warper on Mar 19, 2018.
             Was a Priest of the Shining One.
             Annihilated by an earth elemental (34 damage)
             ... summoned by a deep elf mage
             ... on level 13 of the Dungeon.
             The game lasted 00:34:30 (8470 turns).

4thArraOfDagon the Carver (Formicid Warper)         Turns: 8470, Time: 00:34:31

Health: -23/92     AC:  8    Str: 15    XL:     12   Next: 16%
Magic:  18/18      EV: 17    Int: 19    God:    the Shining One [***...]
Gold:   327        SH: 13    Dex: 10    Spells: 14/15 levels left

rFire    + . .     SeeInvis +   a - +2 falchion (elec)
rCold    + . .     Gourm    .   (no shield)
rNeg     + . .     Faith    .   d - +0 ring mail
rPois    +         Spirit   .   (helmet unavailable)
rElec    +         Reflect  +   (no cloak)
rCorr    +         Harm     .   r - +0 pair of gloves
MR       ++...                  (no boots)
Stlth    ..........             i - +4 amulet of reflection
HPRegen  0.25/turn              G - +4 ring of evasion
MPRegen  0.16/turn              H - ring of protection from magic

@: divine shield, resistant, glowing
A: permanent stasis, dig shafts and tunnels, four strong arms, antennae 3
a: Dig, Shaft Self, Divine Shield, Renounce Religion


You were on level 13 of the Dungeon.
You worshipped the Shining One.
The Shining One was most pleased with you.
You were not hungry.

You visited 2 branches of the dungeon, and saw 15 of its levels.

You collected 591 gold pieces.
You spent 264 gold pieces at shops.

Inventory:

Hand Weapons
 a - a +2 falchion of electrocution (weapon)
 t - a +0 scythe
 C - a +2 falchion of holy wrath
Missiles
 e - a tomahawk of dispersal (quivered)
 k - 4 javelins
 B - a throwing net
Armour
 d - a +0 ring mail (worn)
 r - a +0 pair of gloves (worn)
Jewellery
 h - an uncursed ring of stealth
 i - a +4 amulet of reflection (around neck)
 q - an uncursed ring of fire
 u - the ring of Shadows {Umbra +Inv Stlth+}
   (You found it on level 13 of the Dungeon)

   [ring of stealth]

   It lets you turn invisible.
   It makes you more stealthy.
 F - a +3 ring of intelligence
 G - a +4 ring of evasion (left hand)
 H - a ring of protection from magic (right hand)
Wands
 p - a wand of polymorph (4)
Scrolls
 b - 6 scrolls of fog {unknown}
 c - a scroll of enchant armour {unknown}
 g - 3 scrolls of identify
 j - 3 scrolls of remove curse {unknown}
 o - 3 scrolls of amnesia {unknown}
 v - 2 scrolls of teleportation {unknown}
 w - 2 scrolls of magic mapping
 x - 3 scrolls of immolation
 y - 3 scrolls of enchant weapon
 D - 2 scrolls of fear
Potions
 l - 3 potions of flight
 m - 4 potions of curing
 n - a potion of might
 s - 3 potions of brilliance
 A - 2 potions of resistance
Comestibles
 f - 19 rations
 E - 4 chunks of flesh


   Skills:
 + Level 8.0 Fighting
 * Level 12.1 Long Blades
 - Level 1.0 Throwing
 + Level 7.8 Armour
 + Level 6.7 Dodging
 - Level 2.1 Spellcasting
 - Level 2.6 Translocations
 + Level 8.4 Invocations


You had 14 spell levels left.
You knew the following spells:

 Your Spells              Type           Power        Failure   Level  Hunger
a - Apportation           Tloc           ##....       10%         1    #......


Dungeon Overview and Level Annotations

Branches:
Dungeon (14/15)            Temple (1/1) D:4            Lair (0/6) D:9
    Orc (0/2) D:10
 Vaults: D:13-14

Altars:
Ashenzari
Cheibriados
Dithmenos
Elyvilon
Fedhas
Gozag
Hepliaklqana
Kikubaaqudgha
Makhleb
Nemelex Xobeh
Okawaru
Qazlal
Ru
Sif Muna
Trog
Uskayaw
Vehumet
Wu Jian
Xom
Yredelemnul
Zin
The Shining One
Lugonu

Shops:
D:4 !*   D:6 =

Annotations:
D:3 exclusion: downstairs, Ijyb
D:10 Erica


Innate Abilities, Weirdness & Mutations

You cannot be hasted, slowed, berserked, paralysed or teleported.
You can dig through walls and to a lower floor.
Your four strong arms can wield two-handed weapons with a shield.
You have a pair of large antennae on your head. (SInv)


Message History

You slash the deep elf mage!
The deep elf mage is severely wounded.
The deep elf mage hits you but does no damage.
Unknown command.
You hit the deep elf mage but do no damage.
The deep elf mage is severely wounded.
You block the earth elemental's attack.
Unknown command.
You barely miss the deep elf mage.
The deep elf mage is severely wounded.
The deep elf mage points at you and mumbles some strange words.
The stone arrow hits you!
* * * LOW HITPOINT WARNING * * *
Unknown command.
Unknown command.
You hit the deep elf mage but do no damage.
Lightning courses through the deep elf mage!
The deep elf mage is almost dead.
The earth elemental hits you!!
You die...

............######(.....
.........#..#....#((....
.........#..#....#(.#...
.........#..#....#D.....
.........#eZ#..(.#......
.........#..+{...#......
.........#..#..D.#......
.........#..#....(......
......e@E.).###..#......
#######..[....######....
#.......#....#....
#.......#....#....
#.......#....#.###
#.......#....#.#
#.......#....#.#
#.......#(...#.#
#.......'....'.#


You could see an earth elemental and a deep elf mage.

Vanquished Creatures
  A two-headed ogre (D:9)
  3 unseen horrors
  A cyclops (D:13)
  A centaur zombie (D:13)
  A gargoyle (D:13)
  A komodo dragon (D:10)
  A troll (D:13)
  Grinder (D:3)
  2 hippogriffs
  3 slime creatures (D:13)
  2 wyverns
  Sigmund (D:2)
  A wraith (D:13)
  6 yaks (D:12)
  A shadow (D:12)
  A steam dragon (D:6)
  A hungry ghost (D:12)
  3 water moccasins
  A sky beast (D:6)
  An orc warrior (D:10)
  5 ice beasts
  An eye of draining (D:10)
  4 ogres
  3 phantoms
  2 wolves (D:10)
  12 centaurs
  A crocodile (D:14)
  3 big kobolds
  8 bullfrogs
  8 killer bees (D:12)
  4 wights
  2 howler monkeys
  A crimson imp (D:6)
  A bullfrog zombie (D:12)
  2 bullfrog skeletons
  3 jellies
  2 orc priests
  2 centaur skeletons
  2 hounds
  Jessica (D:3)
  2 iguanas
  9 worker ants
  3 orc wizards
  A hound zombie (D:6)
  A hound skeleton (D:7)
  A killer bee simulacrum (D:10)
  A howler monkey skeleton (D:4)
  4 gnolls (D:7)
  12 adders
  3 shadow imps
  A worker ant simulacrum (D:10)
  An ufetubus (D:10)
  4 oozes
  An adder zombie (D:5)
  A worm (D:2)
  A dart slug (D:1)
  4 leopard geckos
  26 orcs
  2 ball pythons
  7 bats
  9 giant cockroaches
  7 goblins
  7 hobgoblins
  6 jackals
  41 kobolds
  4 quokkas
  5 frilled lizards
  A jackal skeleton (D:4)
  2 leopard gecko skeletons
  8 rats
275 creatures vanquished.

Notes
Turn   | Place    | Note
-------+----------+-------------------------------------------
     0 | D:1      | 4thArraOfDagon the Formicid Warper began the quest for the Orb.
     0 | D:1      | Reached XP level 1. HP: 16/16 MP: 3/3
     7 | D:1      | You fall through a shaft!
    29 | D:2      | Reached XP level 2. HP: 14/22 MP: 5/5
    35 | D:2      | Noticed Sigmund
    39 | D:2      | You fall through a shaft!
    62 | D:3      | Noticed Ijyb
    71 | D:3      | You fall through a shaft!
   102 | D:4      | Found Wudu's Distillery.
   149 | D:5      | Entered Level 5 of the Dungeon
   159 | D:5      | Noticed a crimson imp
   221 | D:4      | Found a staircase to the Ecumenical Temple.
   230 | D:4      | Reached skill level 3 in Long Blades
   247 | Temple   | Entered the Ecumenical Temple
   275 | Temple   | Became a worshipper of the Shining One
   321 | D:4      | HP: 1/22 [bullfrog skeleton (3)]
   325 | D:4      | Reached XP level 3. HP: 1/27 MP: 6/6
   622 | D:3      | Reached skill level 4 in Long Blades
   622 | D:3      | Reached XP level 4. HP: 33/33 MP: 7/7
   631 | D:3      | Noticed Grinder
   650 | D:3      | Found a hazy altar of Hepliaklqana.
   809 | D:4      | Noticed an ogre
   966 | D:3      | You fall through a shaft!
  1116 | D:3      | Found a snail-covered altar of Cheibriados.
  1133 | D:3      | Noticed Jessica
  1142 | D:3      | You fall through a shaft for 3 floors!
  1181 | D:6      | Found an ornate altar of the Wu Jian Council.
  1200 | D:6      | Found Demott's Jewellery Boutique.
  1341 | D:6      | Reached skill level 5 in Long Blades
  1341 | D:6      | Reached XP level 5. HP: 37/38 MP: 8/8
  1381 | D:4      | Reached * piety under the Shining One
  1501 | D:5      | Found a sparkling altar of Nemelex Xobeh.
  1507 | D:5      | Found a deep blue altar of Sif Muna.
  1510 | D:5      | Found a burning altar of Makhleb.
  1549 | D:4      | Found Bathot Ditab's Assorted Antiques.
  1576 | D:4      | Bought a fizzy silvery potion for 25 gold pieces
  1576 | D:4      | Bought 2 fuming green potions for 50 gold pieces
  1576 | D:4      | Bought a sapphire potion for 25 gold pieces
  1772 | D:3      | Killed Jessica
  1772 | D:3      | Reached XP level 6. HP: 40/44 MP: 9/9
  2616 | D:2      | Killed Sigmund
  2616 | D:2      | Reached skill level 6 in Long Blades
  2693 | D:2      | Found an opulent altar of Gozag.
  2694 | D:2      | Found a basalt altar of Yredelemnul.
  2695 | D:2      | Found a shattered altar of Ashenzari.
  2697 | D:2      | Found a white marble altar of Elyvilon.
  2698 | D:2      | Found a blossoming altar of Fedhas.
  2709 | D:2      | Reached XP level 7. HP: 50/50 MP: 10/10
  2851 | D:2      | Reached skill level 7 in Long Blades
  3427 | D:3      | Killed Grinder
  3427 | D:3      | Reached skill level 1 in Invocations
  3646 | D:4      | Reached XP level 8. HP: 37/58 MP: 11/11
  3815 | D:4      | Bought a scroll labeled HOMAER WOIDA for 28 gold pieces
  3815 | D:4      | Bought a scroll labeled GANILA YSEM for 28 gold pieces
  3815 | D:4      | Bought a scroll labeled ONOUPP XOZU for 28 gold pieces
  3815 | D:4      | Bought a scroll labeled FYVOAH BETO for 28 gold pieces
  4382 | D:5      | Noticed a fire elemental
  4384 | D:5      | Found a stormy altar of Qazlal.
  4385 | D:5      | Noticed an air elemental
  4385 | D:5      | Noticed a water elemental
  4829 | D:6      | Reached skill level 8 in Long Blades
  4912 | D:6      | Found a hide-covered altar of Uskayaw.
  4954 | D:6      | Noticed Eustachio
  4954 | D:6      | Reached ** piety under the Shining One
  4966 | D:6      | Noticed Eustachio
  4966 | D:6      | Eustachio changed into Eustachio the steam dragon
  5072 | D:4      | Bought a potion of might for 52 gold pieces
  5137 | D:6      | Killed Eustachio the steam dragon
  5137 | D:6      | Reached XP level 9. HP: 39/65 MP: 12/12
  5292 | D:7      | Noticed a hippogriff
  5296 | D:7      | Killed a hippogriff
  5328 | D:7      | Found a sparkling altar of Nemelex Xobeh.
  5437 | D:7      | Reached skill level 9 in Long Blades
  5467 | D:7      | Found a hide-covered altar of Uskayaw.
  5729 | D:8      | Reached skill level 5 in Fighting
  5952 | D:8      | Reached skill level 5 in Invocations
  6058 | D:9      | Found a shattered altar of Ashenzari.
  6098 | D:9      | Noticed a two-headed ogre
  6120 | D:8      | Reached skill level 5 in Armour
  6120 | D:8      | Reached XP level 10. HP: 74/74 MP: 13/13
  6287 | D:9      | Killed a two-headed ogre
  6287 | D:9      | Reached skill level 10 in Long Blades
  6430 | D:10     | Entered Level 10 of the Dungeon
  6430 | D:10     | Noticed Erica
  6490 | D:10     | Found a staircase to the Orcish Mines.
  6529 | D:10     | Reached skill level 5 in Dodging
  6580 | D:10     | Noticed a komodo dragon
  6608 | D:10     | Killed a komodo dragon
  6817 | D:10     | Reached *** piety under the Shining One
  6963 | D:12     | Noticed a gargoyle
  7002 | D:10     | Noticed an unseen horror
  7007 | D:10     | Killed an unseen horror
  7068 | D:10     | Reached XP level 11. HP: 13/83 MP: 2/15
  7350 | D:10     | p0werm0de: !hs * dsfe -log
  7355 | D:10     | beem: 32342. tlatlagkaus, XL27 DsFE, T:21766: https://webzook.net/soup/morgue/trunk/tlatlagkaus/morgue-tlatlagkaus-20180317-031314.txt
  7374 | D:10     | Learned a level 1 spell: Apportation
  7380 | D:9      | p0werm0de: chkk this dude pretty crazy
  7385 | D:9      | p0werm0de: stole my combo score but man really good for Ds vehumet
  7385 | D:9      | p0werm0de: almost got charly's dsne there
  7385 | D:9      | p0werm0de: korean afaik
  7385 | D:9      | 4thArraOfDagon: ohh noice
  7430 | D:9      | p0werm0de: indeed
  7430 | D:9      | 4thArraOfDagon: he can totally take it
  7459 | D:9      | Found a staircase to the Lair.
  7525 | D:9      | You fall through a shaft for 3 floors!
  7630 | D:12     | Reached skill level 11 in Long Blades
  7737 | D:12     | Noticed a four-headed hydra
  7965 | D:13     | Noticed a centaur warrior
  7972 | D:12     | You fall through a shaft for 2 floors!
  7972 | D:14     | Noticed an unseen horror
  7998 | D:14     | Killed an unseen horror
  8001 | D:14     | Noticed a skeletal warrior
  8004 | D:13     | Found a hazy altar of Hepliaklqana.
  8073 | D:13     | Noticed an unseen horror
  8087 | D:13     | Killed an unseen horror
  8173 | D:13     | Found the ring of Shadows {Umbra +Inv Stlth+}
  8191 | D:13     | ol
  8304 | D:13     | Reached XP level 12. HP: 51/92 MP: 16/18
  8341 | D:13     | Reached skill level 12 in Long Blades
  8426 | D:13     | Noticed an eight-headed hydra
  8470 | D:13     | Annihilated by an earth elemental

Vault maps used:
D:1:      sevenhm_arrival_forest_fort_small_5
D:2:      grunt_temple_overflow_open, supply_closet_lemuel, uniq_sigmund
D:3:      marbit_many_paths, cheibriados_altar_1, first_ration, uniq_grinder,
          uniq_ijyb, uniq_jessica
D:4:      kennysheep_kobold_camp, minmay_temple_entry_junction, serial_shops,
          shop, kennysheep_mini
D:5:      nicolae_qazlal_style_of_elements, minmay_overflow_temple_star_quad,
          moated_statue
D:6:      eat_drink_and_be_merry_uskayaw, nicolae_overflow_crystal_walls,
          serial_shops, nicolae_shop_behind_doors, uniq_eustachio
D:7:      basic_altar, grunt_ogre_cave, nemelex_spade_bored_becter
D:8:      hex_large
D:9:      dpeg_oklobed_lair, cheibrodos_ashenzari_chains
D:10:     orc_0_dummy, serial_ice, serial_ice_l, serial_ice_f, serial_ice_b,
          serial_ice_n, serial_ice_e, serial_ice_d, serial_ice_a, serial_ice_g,
          uniq_erica
D:12:     nemelex_diamond_rough_becter
D:13:     basic_altar, uniq_rupert
D:14:     grunt_vaults_entry_fortified, hangedman_decor_peaks_small
Temple:   corrupted_temple

Skill      XL: |  1  2  3  4  5  6  7  8  9 10 11 12 |
---------------+-------------------------------------+-----
Long Blades    | 3 4 5 6 7 8 9 10 11 12 | 12.1
Dodging        | 2 3 4 5 6 |  6.7
Invocations    | 2 3 5 6 8 |  8.4
Armour         | 2 3 5 6 7 |  7.8
Fighting       | 3 4 5 6 7 8 |  8.0
Throwing       | |  1.0
Spellcasting   | |  2.1
Translocations | |  2.6

Action                   |  1- 3 |  4- 6 |  7- 9 | 10-12 || total
-------------------------+-------+-------+-------+-------++-------
Melee: Falchion          |    44 |   131 |   288 |   373 ||   836
       Unarmed           |       |     7 |    17 |       ||    24
Throw: Tomahawk          |     4 |       |       |       ||     4
Invok: Divine Shield     |       |       |       |     9 ||     9
 Abil: Shaft Self        |     3 |     2 |       |     2 ||     7
       Dig               |     2 |    16 |    37 |    15 ||    70
Evoke: Wand              |       |     2 |     5 |       ||     7
  Use: Potion            |       |     1 |     3 |     8 ||    12
       Scroll            |       |       |     8 |     3 ||    11
  Eat: Chunk             |     1 |     7 |    11 |    12 ||    31
       Ration            |       |     1 |     1 |       ||     2
Armor: Leather armour    |     5 |     1 |       |       ||     6
       Ring mail         |       |    32 |    67 |    38 ||   137
       Skin              |       |     2 |     3 |       ||     5
Dodge: Dodged            |    23 |    68 |   116 |   203 ||   410
Block: Other             |     3 |    17 |    36 |    91 ||   147
       Reflection        |       |     1 |     5 |     8 ||    14
       Rpst.: Falchion   |     7 |    25 |    32 |    52 ||   116

Table legend:
 A = Spawn XP
 B = Non-spawn XP
 C = Spawn XP percentage of total XP
 D = Spawn monster count
 E = Non-spawn monster count
 F = Spawn count percentage of total count
 G = Total turns spent on level
                    A         B        C        D         E        F      G
               +---------+---------+-------+---------+---------+-------+---------
         Total |       0 |   17363 |   0.0 |       0 |     275 |   0.0 |  8470
               +---------+---------+-------+---------+---------+-------+---------
           D:1 |       0 |      18 |   0.0 |       0 |      11 |   0.0 |   643
           D:2 |       0 |     284 |   0.0 |       0 |      32 |   0.0 |   729
           D:3 |       0 |     383 |   0.0 |       0 |      28 |   0.0 |  1025
           D:4 |       0 |     438 |   0.0 |       0 |      37 |   0.0 |  1514
           D:5 |       0 |     183 |   0.0 |       0 |       8 |   0.0 |   672
           D:6 |       0 |     763 |   0.0 |       0 |      21 |   0.0 |   544
           D:7 |       0 |    1047 |   0.0 |       0 |      25 |   0.0 |   491
           D:8 |       0 |     734 |   0.0 |       0 |      10 |   0.0 |   428
           D:9 |       0 |    1396 |   0.0 |       0 |      13 |   0.0 |   543
          D:10 |       0 |    2614 |   0.0 |       0 |      27 |   0.0 |   721
          D:11 |       0 |     323 |   0.0 |       0 |       2 |   0.0 |   128
          D:12 |       0 |    3316 |   0.0 |       0 |      37 |   0.0 |   485
          D:13 |       0 |    5003 |   0.0 |       0 |      22 |   0.0 |   470
          D:14 |       0 |     861 |   0.0 |       0 |       2 |   0.0 |    32
               +---------+---------+-------+---------+---------+-------+---------
